 Dungeon Crawl Stone Soup version 0.27.1-33-g824d729ab1 (webtiles) character file.

Game seed: 4343623692762463248

5896 zeram the Spry (level 10, 0/70 HPs)
             Began as a Merfolk Fighter on Dec 28, 2021.
             Was an Initiate of Gozag.
             Slain by a black bear (4 damage)
             ... on level 8 of the Dungeon.
             The game lasted 00:17:53 (11410 turns).

zeram the Spry (Merfolk Fighter)                   Turns: 11410, Time: 00:17:55

Health: 0/70       AC: 10    Str: 20    XL:     10   Next: 82%
Magic:  10/10      EV: 15    Int: 15    God:    Gozag
Gold:   1200       SH: 10    Dex: 14    Spells: 9/9 levels left

rFire    . . .     SeeInvis .   a - +4 trident (flame)
rCold    . . .     Faith    .   c - +0 kite shield
rNeg     . . .     Spirit   .   b - +0 scale mail
rPois    +         Reflect  .   f - +1 helmet
rElec    .         Harm     .   (no cloak)
rCorr    +         Rampage  .   C - +0 pair of gloves
Will     +....                  h - +0 pair of boots
Stlth    ..........             j - amulet of magic regeneration
HPRegen  0.21/turn              d - ring "Qifea" {Will+ rCorr Str+4 Int+4}
MPRegen  0.37/turn              t - ring of poison resistance

@: no status effects
A: (nimble swimmer 2), mertail
a: Renounce Religion, Potion Petition, Call Merchant, Bribe Branch


You were on level 8 of the Dungeon.
You worshipped Gozag.
Gozag was most pleased with you.
You visited 2 branches of the dungeon, and saw 9 of its levels.
You also visited: Ossuary.

You collected 1286 gold pieces.
You paid 86 gold pieces to Gozag.

Inventory:

Hand Weapons
 a - a +4 trident of flaming (weapon)
Missiles
 w - a throwing net (quivered)
Armour
 b - a +0 scale mail (worn)
 c - a +0 kite shield (worn)
 f - a +1 helmet (worn)
 h - a +0 pair of boots (worn)
 C - a +0 pair of gloves (worn)
Jewellery
 d - the ring "Qifea" (left hand) {Will+ rCorr Str+4 Int+4}
   (You acquired it on level 5 of the Dungeon)

   [ring of resist corrosion]

   Str:       It affects your strength (+4).
   Int:       It affects your intelligence (+4).
   rCorr:     It protects you from acid and corrosion.
   Will:      It increases your willpower.
 e - a ring of willpower
 j - an amulet of magic regeneration (around neck)
 n - a ring of flight
 s - a ring of positive energy
 t - a ring of poison resistance (right hand)
 y - a +6 ring of strength
Wands
 u - a wand of charming (12)
 v - a wand of iceblast (33)
Scrolls
 g - 3 scrolls of magic mapping
 i - 2 scrolls of amnesia
 l - a scroll of fog
 o - 2 scrolls of identify
 A - a scroll of fear
 E - a scroll of teleportation
Potions
 k - 3 potions of curing
 p - 3 potions of degeneration {unknown}
 q - a potion of ambrosia
 r - 2 potions of attraction {unknown}
 x - 3 potions of mutation
 z - 2 potions of resistance {unknown}
 B - 2 potions of brilliance
 D - 4 potions of flight


   Skills:
 - Level 3.2 Fighting
 - Level 8.6 Polearms
 - Level 2.1 Armour
 + Level 17.3 Dodging
 - Level 4.4 Shields


You had 9 spell levels left.
You didn't know any spells.
Your spell library contained the following spells:

 Spells                   Type           Power      Damage    Failure   Level
 Corona                   Hex            0%         N/A       97%         1
 Ensorcelled Hibernation  Hex/Ice        0%         N/A       99%         2
 Static Discharge         Conj/Air       0%         N/A       99%         2
 Tukima's Dance           Hex            0%         N/A       100%        3
 Dispel Undead            Necr           0%         3d6       100%        4
 Sticky Flame             Conj/Fire      0%         2d3       100%        4


Dungeon Overview and Level Annotations

Branches:
Dungeon (8/15)             Temple (1/1) D:5            Lair (0/6) D:8
Ossuary (visited)

Altars:
Ashenzari
Cheibriados
Dithmenos
Elyvilon
Fedhas
Gozag
Kikubaaqudgha
Makhleb
Nemelex Xobeh
Okawaru
Qazlal
Ru
Sif Muna
Trog
Uskayaw
Vehumet
Wu Jian
Xom
Zin
The Shining One
Beogh

Shops:
D:3 ((


Innate Abilities, Weirdness & Mutations

((You are quick and stealthy near water. (Stealth+, EV+, Speed+++)))
Your lower body shifts to a powerful aquatic tail in water.


Message History

The black bear bites you but does no damage.
The black bear claws you.
The black bear claws you but does no damage.
The black bear bites you but does no damage.
The black bear claws you but does no damage. x2
The yak barely misses you. The basilisk bites you!
* * * LOW HITPOINT WARNING * * *
The black bear bites you but does no damage.
The black bear claws you.
* * * LOW HITPOINT WARNING * * *
The black bear claws you but does no damage.
You turn to flesh and can move again.
You feel much better. The yak barely misses you.
You block the basilisk's attack. The black bear barely misses you.
The black bear completely misses you.
The black bear claws you but does no damage.
Okay, then.
You hit the black bear. You burn the black bear.
The black bear is almost dead.
You block the black bear's attack. The black bear claws you.
The black bear claws you but does no damage.
The yak gores you. The basilisk bites you!
* * * LOW HITPOINT WARNING * * *
The black bear closely misses you. The black bear misses you.
The black bear claws you but does no damage.
The yak gores you!
* * * LOW HITPOINT WARNING * * *
The basilisk misses you. The yak barely misses you. The black bear misses you.
The black bear claws you but does no damage. x2
The yak closely misses you.
There is a stone staircase leading up here.
The black bear bites you but does no damage.
The black bear claws you.
* * * LOW HITPOINT WARNING * * *
You block the black bear's attack.
The black bear bites you but does no damage.
The black bear claws you.
You die...
Your body crumbles into a pile of gold.

....#.##.........#
###...##.........#
# #..............#
# ######.........#
# #.........# #
#...###...## #
#..... #....# #
..P... #..h.#
#>YY@#
.........l.#
...........#
..>.......##
.........##
.......### ......#
.P...) $


You could see an elephant, a yak, a basilisk and a black bear (berserk).

Vanquished Creatures
  Pikel (D:7)
  Psyche (D:8)
  A troll (D:8)
  6 yaks (D:8)
  A wraith (D:8)
  A wyvern (D:8)
  A steam dragon (D:7)
  Menkaure (D:7)
  A water moccasin (D:5)
  3 black bears
  2 orc warriors (D:8)
  An ice beast (D:5)
  2 necrophages (D:7)
  3 ogres
  3 centaurs
  2 phantoms
  A kobold brigand (D:6)
  3 bullfrogs
  3 scorpions
  4 water moccasin zombies
  A water moccasin skeleton (D:5)
  2 killer bees (D:8)
  A howler monkey (D:7)
  A wight (D:8)
  8 orc priests
  3 centaur zombies
  A centaur skeleton (D:5)
  5 hounds
  A jelly (D:7)
  A gnoll shaman (D:8)
  5 iguanas
  6 orc wizards
  2 killer bee zombies
  A hound skeleton (D:4)
  2 mummies (Ossuary)
  8 gnolls
  10 adders
  A shadow imp (D:5)
  A white imp (D:5)
  7 adder zombies (Ossuary)
  2 worms
  30 orcs
  3 bats
  5 endoplasms
  4 giant cockroaches
  4 gnoll zombies (Ossuary)
  8 goblins
  9 hobgoblins
  7 jackals
  11 kobolds
  2 quokkas
  8 ball pythons
  3 frilled lizards
  4 hobgoblin zombies (Ossuary)
  4 kobold zombies (Ossuary)
  3 orc zombies (Ossuary)
  4 rats
219 creatures vanquished.

Notes
Turn   | Place    | Note
-------+----------+-------------------------------------------
     0 | D:1      | zeram the Merfolk Fighter began the quest for the Orb.
     0 | D:1      | Reached XP level 1. HP: 18/18 MP: 1/1
   263 | D:1      | Reached XP level 2. HP: 24/24 MP: 2/2
  1018 | D:2      | Reached XP level 3. HP: 26/29 MP: 3/3
  2121 | D:1      | Reached skill level 5 in Polearms
  2121 | D:1      | Reached skill level 1 in Dodging
  2257 | D:1      | Reached XP level 4. HP: 17/35 MP: 4/4
  2882 | D:3      | Found Laechely's Weapon Shoppe.
  3411 | D:3      | Reached XP level 5. HP: 41/41 MP: 5/5
  3415 | D:3      | Found a faded altar of an unknown god.
  3840 | D:3      | Found Zafefaas's Antique Weapon Boutique.
  4054 | D:4      | Reached skill level 2 in Dodging
  4459 | D:4      | Noticed a phantom
  4477 | D:4      | Killed a phantom
  4478 | D:4      | Reached XP level 6. HP: 34/47 MP: 6/6
  4677 | D:4      | Found an iron altar of Okawaru.
  4706 | D:4      | Reached skill level 3 in Dodging
  4706 | D:4      | Reached XP level 7. HP: 39/52 MP: 7/7
  4822 | D:4      | Found a shadowy altar of Dithmenos.
  4865 | D:4      | Found a faded altar of an unknown god.
  5119 | D:4      | Reached skill level 4 in Dodging
  5340 | D:5      | Entered Level 5 of the Dungeon
  5533 | D:5      | Reached skill level 5 in Dodging
  5542 | D:5      | Found a blossoming altar of Fedhas.
  5568 | D:5      | Found a staircase to the Ecumenical Temple.
  5580 | D:5      | Reached skill level 6 in Dodging
  5585 | Temple   | Entered the Ecumenical Temple
  5725 | Temple   | Became a worshipper of Gozag Ym Sagoz the Greedy
  5921 | D:5      | Reached skill level 7 in Dodging
  5921 | D:5      | Reached XP level 8. HP: 57/58 MP: 8/8
  6295 | D:5      | Reached skill level 8 in Dodging
  6628 | D:5      | Reached skill level 9 in Dodging
  6794 | D:5      | Identified a scroll of acquirement
  6794 | D:5      | Acquired the ring "Qifea" {Will+ rCorr Str+4 Int+4}
  7313 | D:5      | Reached skill level 10 in Dodging
  7781 | D:6      | Reached skill level 11 in Dodging
  7943 | D:6      | Reached XP level 9. HP: 58/64 MP: 9/9
  8449 | D:6      | Reached skill level 12 in Dodging
  8872 | D:7      | Found a glowing silver altar of Zin.
  8999 | D:7      | Found a sand-covered staircase.
  9006 | Ossuary  | Entered an ossuary
  9214 | Ossuary  | Reached skill level 13 in Dodging
  9490 | D:7      | Noticed Menkaure
  9494 | D:7      | Killed Menkaure
  9705 | D:7      | Reached skill level 14 in Dodging
  9878 | D:8      | Noticed Pikel
  9887 | D:7      | Killed Pikel
  9888 | D:7      | Reached XP level 10. HP: 55/70 MP: 10/10
  9988 | D:8      | Reached skill level 15 in Dodging
  9993 | D:8      | Noticed Psyche
 10321 | D:8      | Reached skill level 16 in Dodging
 10605 | D:8      | Killed Psyche
 11015 | D:8      | Reached skill level 17 in Dodging
 11387 | D:8      | Noticed an elephant
 11390 | D:8      | Found a staircase to the Lair.
 11404 | D:8      | HP: 2/70 [basilisk (4)]
 11410 | D:8      | Slain by a black bear

Illustrated notes

Levels and vault maps discovered:
D:1:      matt_arrival_grand_opening, layout_basic, serial_curves,
          eino_curves_01, eino_curves_02, corexii_hall_statues_i,
          chequers_garden, kennysheep_boxes
D:2:      layout_loops_cross, kennysheep_generic_room_11
D:3:      layout_basic, shapermc_ecumenical_altar_acropolis, serial_shops,
          shop_fountains, nicolae_shop_trees
D:4:      layout_cave_pods, mainiacjoe_overflow_catch_the_wave,
          serial_column_ruins, column_ruins_temple_hall,
          column_ruins_columns_corner, column_ruins_grid_2,
          column_ruins_open_tiny, column_ruins_open_tiny, column_ruins_grid_2,
          column_ruins_open_small, minmay_goblin_kobold_house
D:5:      layout_loops_corners, mainiacjoe_overflow_paths, temple_green,
          columned_hall_lemuel, minmay_pentangle
D:6:      layout_basic
D:7:      layout_basic, mainiacjoe_overflow_concentric_impassable,
          nicolae_ossuary_entry_ruins, uniq_menkaure
D:8:      minmay_ornate_pinched, layout_rooms, david_lair_generic,
          ebering_ghost_gozag, david_defended_altar_orc, uniq_pikel, uniq_psyche
Temple:   lightli_temple_of_artemis

Skill      XL: |  1  2  3  4  5  6  7  8  9 10 |
---------------+-------------------------------+-----
Polearms       | 4 5 7 8 |  8.6
Dodging        | 1 2 3 7 11 14 17 | 17.3
Shields        | 4 |  4.4
Fighting       | |  3.2
Armour         | |  2.1

Action                   |  1- 3 |  4- 6 |  7- 9 | 10-12 || total
-------------------------+-------+-------+-------+-------++-------
Melee: Trident           |   118 |   217 |   502 |   188 ||  1025
  Use: Scroll            |     4 |     5 |    11 |     2 ||    22
       Potion            |     2 |       |     4 |     3 ||     9
 Stab: Distracted        |       |       |       |     1 ||     1
Armor: Scale mail        |    42 |    90 |   112 |    83 ||   327
       Skin              |     3 |       |       |       ||     3
Dodge: Dodged            |    47 |    65 |   172 |   107 ||   391
Block: Kite shield       |    52 |    93 |   210 |    94 ||   449
